 Dungeon Crawl Stone Soup version 0.29.1-15-g9cfb28693d (webtiles) character file.

Game seed: 1999882267150695685

467234 MultiZver the Impregnable (level 24, -2/153 (163) HPs)
             Began as a Gargoyle Fighter on Mar 5, 2023.
             Was an Elder of Okawaru.
             Killed from afar by a shadow dragon (6 damage)
             ... with a bolt of negative energy
             ... on level 5 of the Vaults.
             The game lasted 03:41:19 (63858 turns).

MultiZver the Impregnable (Gargoyle Fighter)       Turns: 63858, Time: 03:41:20

HP:   -2/153 (163)  AC: 62    Str: 25    XL:     24   Next: 60%
MP:   35/35         EV:  9    Int: 26    God:    Okawaru [****..]
Gold: 2525          SH: 36    Dex:  7    Spells: 33/39 levels left

rFire   + + .      SeeInvis +   C - +7 morningstar "Voqischo" {spect, Fragile rF+ Int+5}
rCold   + + +      Faith    .   m - +8 tower shield
rNeg    + . .      Spirit   .   s - +5 crystal plate armour of Objectivity {rC++ rCorr Int+2 Dex-4}
rPois   ∞          Reflect  +   V - +0 mask of the Dragon {Will+ Slay+3 SInv}
rElec   +          Harm     .   P - scarf {rC+ rF+}
rCorr   +          Rampage  .   v - +1 pair of gloves {Stlth+}
Will    +++..                   q - +2 pair of boots "Qydghaagh" {Int+5}
Stlth   ..........              K - amulet of reflection
HPRegen 0.35/turn               k - +4 ring of slaying
MPRegen 0.24/turn               H - ring of willpower

@: heroic, finesse-ful, flying, drained
A: sickness immunity, AC +18, big wings, negative energy resistance 1,
electricity resistance, torment resistance 1, petrification resistance, antennae
1
}: 2/15 runes: serpentine, barnacled
a: Renounce Religion, Heroism, Finesse


You were on level 5 of the Vaults.
You worshipped Okawaru.
Okawaru was greatly pleased with you.
You visited 8 branches of the dungeon, and saw 40 of its levels.
You visited 1 bazaar.
You also visited: Sewer, Gauntlet and Volcano.

You collected 4820 gold pieces.
You spent 2295 gold pieces at shops.

Inventory:

Hand Weapons
 h - a +1 arbalest of freezing
 C - the +7 morningstar "Voqischo" (weapon) {spect, Fragile rF+ Int+5}
   (Okawaru gifted it to you on level 12 of the Dungeon)

   When its wielder attacks, the weapon's spirit leaps out and strikes again.
   The spirit shares a part of any damage it takes with its wielder.
   Int:       It affects your intelligence (+5).
   rF:        It protects you from fire.
   Fragile:   It will be destroyed if unequipped.
 S - a +4 demon whip of flaming
Missiles
 p - 6 throwing nets
Armour
 m - a +8 tower shield (worn)
 q - the +2 pair of boots "Qydghaagh" (worn) {Int+5}
   (Okawaru gifted it to you on level 4 of the Lair of Beasts)

   Int:       It affects your intelligence (+5).
 s - the +5 crystal plate armour of Objectivity (worn) {rC++ rCorr Int+2 Dex-4}
   (You bought it in a shop on level 1 of the Dungeon)

   Int:       It affects your intelligence (+2).
   Dex:       It affects your dexterity (-4).
   rC:        It greatly protects you from cold.
   rCorr:     It protects you from acid and corrosion.
 u - the +3 cloak of Apinweyc {rC+ Dex+4}
   (Okawaru gifted it to you on level 3 of the Snake Pit)

   Dex:       It affects your dexterity (+4).
   rC:        It protects you from cold.
 v - a +1 pair of gloves of stealth (worn)
 P - a scarf of resistance (worn)
 V - the +0 mask of the Dragon (worn) {Will+ Slay+3 SInv}
   (You found it on level 3 of the Lair of Beasts)

   Slay:      It affects your accuracy & damage with ranged weapons and melee
   (+3).
   SInv:      It lets you see invisible.
   Will:      It increases your willpower.
Jewellery
 k - a +4 ring of slaying (left hand)
 o - a ring of resist corrosion
 x - a ring of protection from cold
 z - an amulet of faith
 D - the necklace of Bloodlust {*Rage Will++ Int-3 Slay+6}
   (You found it on level 13 of the Dungeon)

   [amulet of nothing]

   It extends the wearer's berserk rage when killing foes.
   Int:       It affects your intelligence (-3).
   Slay:      It affects your accuracy & damage with ranged weapons and melee
   (+6).
   *Rage:     It berserks you when you make melee attacks (+50% chance).
   Will:      It greatly increases your willpower.
 E - a ring of fire
 G - an amulet of guardian spirit
 H - a ring of willpower (right hand)
 K - an amulet of reflection (around neck)
 N - a ring of see invisible
 T - a ring of positive energy
 W - a ring of willpower
 X - an amulet of the acrobat
Wands
 a - a wand of polymorph (27)
 b - a wand of light (37) (quivered)
 d - a wand of flame (28)
 M - a wand of iceblast (5)
 U - a wand of digging (11)
Scrolls
 c - 3 scrolls of silence
 e - 2 scrolls of magic mapping
 j - 2 scrolls of fear
 n - 11 scrolls of poison
 y - 6 scrolls of amnesia
 I - 5 scrolls of brand weapon
 L - 2 scrolls of teleportation
 Q - 17 scrolls of identify
 R - 5 scrolls of enchant weapon
Potions
 g - 11 potions of curing
 i - 6 potions of haste
 l - 2 potions of cancellation {unknown}
 w - 2 potions of might
 A - 7 potions of berserk rage
 B - 5 potions of attraction
 F - 2 potions of ambrosia
 J - 2 potions of resistance


   Skills:
 - Level 20.0(25.0) Fighting
 + Level 19.3(24.3) Maces & Flails
 - Level 22.0(27) Armour
 - Level 22.0(27) Shields
 - Level 8.0 Spellcasting
 - Level 10.0 Hexes
 - Level 8.0 Translocations
 - Level 16.0 Invocations


You had 33 spell levels left.
You knew the following spells:

 Your Spells              Type           Power      Damage    Failure   Level
a - Slow                  Hex            100%       N/A       1%          1
b - Blink                 Tloc           100%       N/A       2%          2
s - Confusing Touch       Hex            58%        N/A       1%          3

Your spell library contained the following spells:

 Spells                   Type           Power      Damage    Failure   Level
 Apportation              Tloc           100%       N/A       1%          1
 Portal Projectile        Hex/Tloc       100%       N/A       3%          3
 Ensorcelled Hibernation  Hex/Ice        72%        N/A       8%          2
 Passage of Golubria      Tloc           51%        N/A       14%         4
 Dazzling Flash           Conj/Hex       72%        N/A       16%         3
 Inner Flame              Hex/Fire       36%        N/A       16%         3
 Foxfire                  Conj/Fire      40%        2x1d6     36%         1
 Freeze                   Ice            40%        1d6       36%         1
 Magic Dart               Conj           40%        1d5       36%         1
 Necrotise                Necr           40%        1d6       36%         1
 Sandblast                Erth           20%        2d7       36%         1
 Manifold Assault         Tloc           51%        N/A       38%         5
 Fulminant Prism          Conj/Hex       18%        3d11      45%         4
 Leda's Liquefaction      Hex/Erth       18%        N/A       45%         4
 Passwall                 Tmut/Erth      8%         N/A       52%         2
 Searing Ray              Conj           20%        2d5       52%         2
 Conjure Flame            Conj/Fire      10%        6-21      75%         3
 Frozen Ramparts          Ice            20%        1d4       75%         3
 Stone Arrow              Conj/Erth      20%        3d8       75%         3
 Swiftness                Air            10%        N/A       75%         3
 Vampiric Draining        Necr           10%        2d6       75%         3
 Metabolic Englaciation   Hex/Ice        18%        N/A       80%         5
 Silence                  Hex/Air        18%        N/A       80%         5
 Yara's Violent Unravell  Hex/Tmut       18%        3d9       80%         5
 Flame Wave               Conj/Fire      10%        2d6       98%         4
 Hailstorm                Conj/Ice       10%        3d5       98%         4
 Petrify                  Tmut/Erth      10%        N/A       98%         4
 Agony                    Necr           10%        N/A       100%        5
 Blade Hands              Tmut           5%         N/A       100%        5
 Irradiate                Conj/Tmut      5%         3d13      100%        5
 Iron Shot                Conj/Erth      5%         9d2       100%        6
 Dragon Form              Tmut           5%         N/A       100%        7
 Storm Form               Tmut/Air       5%         N/A       100%        7
 Borgnjor's Revivificati  Necr           5%         N/A       100%        8
 Lehudib's Crystal Spear  Conj/Erth      5%         10d3      100%        8
 Necromutation            Tmut/Necr      5%         N/A       100%        8
 Death's Door             Necr           5%         N/A       100%        9
 Tukima's Dance           Hex            Unusable   N/A       N/A         3
 Summon Small Mammal      Summ           Unusable   N/A       N/A         1
 Call Canine Familiar     Summ           Unusable   N/A       N/A         3
 Animate Armour           Summ/Erth      Unusable   N/A       N/A         4
 Statue Form              Tmut/Erth      Unusable   N/A       N/A         6

Dungeon Overview and Level Annotations

Branches:
Dungeon (15/15)            Temple (1/1) D:4            Lair (5/5) D:9
 Shoals (4/4) Lair:3        Snake (4/4) Lair:2        Slime (0/5) Lair:4
    Orc (2/2) D:11            Elf (0/3) Orc:2        Vaults (5/5) D:14
  Crypt (0/3) Vaults:3     Depths (4/4) D:15            Zot (0/5) Depths:4
  Sewer (visited)         Volcano (visited)         Gauntlet (visited)

Altars:
Ashenzari
Cheibriados
Dithmenos
Elyvilon
Fedhas
Gozag
Hepliaklqana
Kikubaaqudgha
Makhleb
Nemelex Xobeh
Okawaru
Qazlal
Ru
Sif Muna
Trog
Uskayaw
Vehumet
Wu Jian
Xom
Yredelemnul
Zin
The Shining One
Jiyva

Shops:
D:1 *   D:6 :   D:13 !   Orc:2 *[=(   Shoals:2 :   Shoals:3 [(**   Snake:1 [
Snake:2 (:   Snake:3 ::=   Vaults:4 (:

Portals:
Hell: Depths:1 Depths:3 Depths:4
Abyss: Depths:3
Pandemonium: Depths:1
Ziggurat: Depths:4
Trove: D:13 (lose all piety)

Annotations:
Lair:2 3 runed translucent doors, Aclie's ghost, journeyman DrTm; KamiKatze's ghost, journeyman GrBe; Qugeat's ghost, journeyman DEEE; Zoobame's ghost, journeyman DEHW; burchardtist's ghost, journeyman TrFi


Innate Abilities, Weirdness & Mutations

You are immune to sickness and miasma.
Your stone body is resilient. (AC +18)
You are immune to poison.
Your large and strong wings let you fly.
You resist negative energy. (rN+)
You are resistant to electric shocks. (rElec)
You are resistant to unholy torment.
You are immune to petrification.
You have a pair of small antennae on your head.


Message History

The vault guard shouts!
You hear a shout!
The deep elf knight gestures wildly while chanting.
The deep elf knight flickers and vanishes for a moment.
The phantasmal warrior gestures at you.
The phantasmal warrior blinks!
You block the shadow dragon's attack. x2
The shadow dragon claws you but does no damage.
A shadow dragon comes into view.
The ogre mage completely misses you.
The vault guard attacks as you move away!
You block the vault guard's attack.
A deep troll earth mage comes into view.
The deep elf annihilator mumbles some strange words.
The deep elf annihilator blinks!
The deep elf knight mumbles some strange words.
The deep elf knight seems to speed up.
The golden dragon breathes fire at you. The bolt of fire hits you! You resist.
* * * LOW HITPOINT WARNING * * *
A deep elf archer comes into view. It is wielding a +0 short sword.
The yaktaur captain wields a +0 hand crossbow.
The yaktaur captain shoots a bolt.
You reflect the bolt off an invisible shield around you!
The bolt barely misses the shadow dragon.
The bolt hits the yaktaur captain!!!
The shadow dragon breathes negative energy at you.
The bolt of negative energy hits you!! You partially resist.
You feel drained.
* * * LOW HITPOINT WARNING * * *
You hear a shout! x2; You hear a deafening roar!
You hear a shout!
The deep troll earth mage shouts!
You hear a shout! x3
The shadow dragon attacks as you move away!
The shadow dragon bites you but does no damage.
You block the shadow dragon's attack. x2
The phantasmal warrior gestures at you.
The phantasmal warrior blinks!
You block the golden dragon's attack. x2
The golden dragon tramples you but does no damage.
A deep elf death mage comes into view. It is wielding a +0 short sword.
The shadow dragon breathes negative energy at you.
The bolt of negative energy misses the shadow dragon.
The bolt of negative energy hits you. You partially resist.
You feel drained.
You die...

####..#....# ..#.
.....#.$..#..p.#.
....#?...#../..#
#############..#....#WT.C..
..L...)§......p.....#......
....)..(..D..pD.p....D...
##############c.O9§...#####
..............DpDe.)..e...
............W..@eW<.......
................<<...ee..?
.................pe.......
#############........#####
# p...§........ ..
.c...#....#.#.#
....#####....#...p.
#..##..#..p.#.#.##
#......#p...# .#


You could see 3 shadow dragons, a golden dragon (catching breath), a yaktaur
captain, 5 vault guards, a deep elf annihilator, a deep elf death mage, an ogre
mage (invisible), a war gargoyle, a deep elf archer (repels missiles), a deep
elf knight (fast, invisible), a deep elf high priest, 2 phantasmal warriors, an
ironbound convoker, a deep troll earth mage and a deep elf zephyrmancer.

Vanquished Creatures
  2 ancient liches
  A juggernaut (Depths:3)
  Frederick (Vaults:2)
  Margery (Vaults:5)
  Vashnia (Snake:3)
  Bai Suzhen (Snake:4)
  Saint Roka (Snake:2)
  Xtahua (Vaults:3)
  Nikola (Vaults:2)
  2 golden dragons
  3 tentacled monstrosities (Depths:4)
  4 liches
  Mlioglotl (Shoals:2)
  A deep elf master archer (Depths:2)
  Frances (D:13)
  Asterion (Snake:1)
  A titan (Depths:3)
  A kraken (Shoals:3)
  2 quicksilver dragons (Depths:4)
  2 ancient champions
  9 sphinxes
  Kirke (D:12)
  Agnes (D:13)
  5 shadow dragons
  4 tengu reavers (Depths:2)
  A storm dragon (shapeshifter) (Depths:2)
  6 storm dragons
  3 draconian monks (Depths:4)
  4 nagarajas
  12 fire giants
  8 frost giants
  A ghost moth (Depths:2)
  A caustic shrike zombie (Depths:3)
  A juggernaut zombie (Depths:3)
  A deep elf elementalist (Depths:2)
  A deep elf sorcerer (Vaults:5)
  11 vault wardens
  A draconian scorcher (Depths:4)
  5 orc warlords
  24 ironbound preservers
  3 spriggan defenders
  Aizul (Snake:1)
  A broodmother (shapeshifter) (Gauntlet)
  4 draconian annihilators
  2 war gargoyles (Depths:2)
  9 very ugly things
  11 vampire knights
  6 stone giants
  2 lorocyprocas (Depths:2)
  3 ironbound thunderhulks
  7 black draconians (Depths:4)
  3 minotaurs
  3 entropy weavers
  3 purple draconians (Depths:4)
  8 white draconians (Depths:4)
  8 green draconians (Depths:4)
  10 dire elephants
  An iron golem (Depths:1)
  6 red draconians (Depths:4)
  8 spark wasps
  9 ettins
  4 deep elf annihilators (Depths:2)
  4 crystal guardians
  Snorg (D:13)
  4 merfolk javelineers
  Josephine (Lair:3)
  6 merfolk impalers
  An eidolon (Vaults:3)
  9 great orbs of eyes
  7 yaktaur captains
  9 fire dragons
  19 vault guards
  3 boulder beetles
  Fannar (Lair:2)
  11 ice dragons
  4 rakshasas
  2 peacekeepers
  2 hell beasts (Depths:4)
  8 hydras
  5 salamander tyrants
  Erolcha (D:11)
  6 spriggan air magi
  6 ironbound frosthearts
  An alligator snapping turtle (Shoals:3)
  2 catoblepae (D:13)
  15 centaur warriors
  13 naga warriors
  An ogre mage (D:14)
  A death knight (D:14)
  2 merfolk aquamancers
  7 merfolk avatars
  7 two-headed ogres
  17 anacondas
  A radroach (shapeshifter) (Depths:2)
  9 tengu warriors
  A vampire mage (Depths:4)
  12 satyrs
  A spectral frost giant (Depths:3)
  6 death yaks
  12 deep troll shamans
  An orc high priest (Orc:2)
  2 dancing weapons (Depths:2)
  10 deep troll earth magi
  Urug (D:13)
  10 naga sharpshooters
  8 hell knights
  Sonja (D:11)
  A soul eater (Depths:3)
  2 spriggan berserkers
  10 skeletal warriors
  12 iron trolls
  9 shock serpents
  A spectral death yak (Lair:5)
  4 death drakes (Depths:4)
  An iron troll (shapeshifter) (Depths:3)
  A golden dragon zombie (Depths:3)
  10 salamander mystics
  10 sea snakes
  2 flayed ghosts (Depths:3)
  A goliath frog (shapeshifter) (Vaults:3)
  A spectral anaconda (Lair:5)
  3 glowing orange brains
  A tengu zombie (Depths:3)
  75 deep trolls
  A deep elf archer (D:14)
  An obsidian statue (Lair:5)
  13 lindwurms
  9 orc knights
  4 naga ritualists
  8 ironbound convokers
  Pikel (D:8)
  15 necromancers
  7 wizards
  19 harpies
  6 phantasmal warriors
  3 deep elf pyromancers
  2 mana vipers (shapeshifter)
  7 orc sorcerers
  2 deep elf zephyrmancers (D:14)
  33 ugly things
  15 manticores
  19 mana vipers
  26 fauns
  2 wolf spiders (D:15)
  7 cyclopes
  26 salamanders
  A stone giant skeleton (Vaults:3)
  13 merfolk sirens
  A fire giant skeleton (Depths:3)
  19 elephants
  7 guardian serpents
  Maurice (D:10)
  A guardian serpent (shapeshifter) (D:13)
  4 molten gargoyles (Volcano)
  A water nymph (shapeshifter) (Vaults:4)
  2 torpor snails
  7 water nymphs
  17 black mambas
  A frost giant skeleton (Vaults:3)
  A gargoyle (D:13)
  13 cane toads
  9 naga magi
  15 vault sentinels
  An elf zombie (Vaults:3)
  A cane toad (shapeshifter) (D:13)
  A dire elephant skeleton (Lair:5)
  A komodo dragon (shapeshifter) (D:13)
  23 yaktaurs
  Psyche (D:8)
  2 rime drakes (Lair:3)
  5 efreet
  2 freezing wraiths (D:14)
  10 komodo dragons
  A guardian mummy (D:13)
  6 tengu conjurers
  13 trolls
  2 polar bears
  49 merfolk
  4 wind drakes
  A spectral elephant (Lair:5)
  2 hornets
  32 slime creatures
  16 blink frogs
  6 snapping turtles
  5 dream sheep
  Sigmund (D:5)
  A spriggan (D:8)
  A shadow (D:7)
  35 yaks
  3 basilisks
  16 water elementals
  3 hogs (D:12)
  3 humans (D:12)
  2 humans (shapeshifter)
  6 wyverns
  A yak (shapeshifter) (Gauntlet)
  9 wraiths
  Eustachio (D:6)
  10 vampire mosquitoes
  5 fire elementals
  A steam dragon (D:7)
  2 redbacks
  A death yak simulacrum (Lair:5)
  A spectral cane toad (Lair:5)
  8 wargs
  25 nagas
  2 hell hounds (Gauntlet)
  11 water moccasins
  3 acid dragons
  A glowing shapeshifter skeleton (Vaults:3)
  35 orc warriors
  A black bear (shapeshifter) (D:15)
  A sky beast (D:7)
  3 black bears
  An ice beast (D:7)
  11 ogres
  2 elephant zombies (Lair:5)
  10 wolves
  5 boggarts
  16 centaurs
  A phantom (D:5)
  A lemure (D:9)
  5 kobold brigands
  Blork the orc (Orc:2)
  7 bullfrogs
  A necrophage (D:6)
  An earth elemental (Volcano)
  3 scorpions
  2 gnoll sergeants
  A cane toad simulacrum (Lair:5)
  A human skeleton (Vaults:3)
  10 killer bees
  An elephant simulacrum (Lair:5)
  5 howler monkeys
  9 electric eels
  2 hounds
  3 jellies
  17 orc priests
  A gnoll bouda (D:11)
  An iguana (D:7)
  Crazy Yiuf (D:6)
  34 orc wizards
  10 gnolls
  8 adders
  2 river rats (Sewer)
  A shadow imp (D:8)
  A white imp (D:5)
  An ufetubus (D:4)
  6 worms
  3 dart slugs
  78 orcs
  11 ball pythons
  8 endoplasms
  5 giant cockroaches
  14 goblins
  7 hobgoblins
  3 quokkas
  4 bats
  9 frilled lizards
  7 kobolds
  9 rats
  A fire vortex (Volcano)
1692 creatures vanquished.

Vanquished Creatures (others)
  A lich (Depths:3)
  A juggernaut simulacrum (Depths:2)
  A hog (shapeshifter) (D:13)
  A spectral cane toad (Lair:5)
  An orc wizard (D:10)
  An orc (D:11)
  4 bushes
  2 fire vortices (Volcano)
  21 fungi
  116 plants
  4 tentacles (Shoals:3)
  17 withered plants (Lair:5)
170 creatures vanquished.

Grand Total: 1862 creatures vanquished

Notes
Turn   | Place    | Note
-------+----------+-------------------------------------------
     0 | D:1      | MultiZver the Gargoyle Fighter began the quest for the Orb.
     0 | D:1      | Reached XP level 1. HP: 14/14 MP: 1/1
   137 | D:1      | Found Lootty's Assorted Antiques.
   200 | D:1      | Reached XP level 2. HP: 12/19 MP: 2/2
   913 | D:1      | Found a faded altar of an unknown god.
  1042 | D:2      | Reached XP level 3. HP: 17/23 MP: 3/3
  1701 | D:2      | Reached XP level 4. HP: 24/28 MP: 4/4
  2145 | D:3      | You fall into a shaft and drop 2 floors!
  2145 | D:5      | Entered Level 5 of the Dungeon
  2156 | D:5      | Reached skill level 5 in Maces & Flails
  2156 | D:5      | Reached XP level 5. HP: 24/32 MP: 5/5
  2161 | D:5      | Noticed a phantom
  2322 | D:6      | Found Usic's Book Shop.
  2328 | D:5      | Noticed a water moccasin
  2347 | D:6      | Found a runed translucent door.
  2348 | D:6      | Noticed Crazy Yiuf
  2356 | D:6      | Killed Crazy Yiuf
  2527 | D:5      | Killed a water moccasin
  2528 | D:5      | Reached XP level 6. HP: 18/37 MP: 6/6
  3161 | D:5      | Noticed Sigmund
  3166 | D:5      | Killed Sigmund
  3167 | D:5      | Reached XP level 7. HP: 43/44 MP: 7/7
  3267 | D:5      | Reached skill level 5 in Fighting
  3351 | D:4      | Found a glowing drain.
  3373 | Sewer    | Entered a sewer
  3843 | D:4      | Found a staircase to the Ecumenical Temple.
  3872 | Temple   | Entered the Ecumenical Temple
  3899 | Temple   | Became a worshipper of Warmaster Okawaru
  4122 | D:4      | Reached skill level 1 in Invocations
  5321 | D:5      | Found a shimmering blue altar of Sif Muna.
  5440 | D:5      | Reached XP level 8. HP: 51/52 MP: 9/9
  5563 | D:6      | Noticed Eustachio
  5574 | D:6      | Killed Eustachio
  5574 | D:6      | Reached * piety under Okawaru
  5591 | D:6      | Found a hide-covered altar of Uskayaw.
  6164 | D:7      | Noticed a shadow
  6182 | D:7      | Killed a shadow
  6255 | D:7      | Reached XP level 9. HP: 60/60 MP: 12/12
  6437 | D:7      | Reached skill level 10 in Fighting
  6438 | D:7      | Reached ** piety under Okawaru
  6975 | D:7      | Noticed a two-headed ogre
  7385 | D:9      | Noticed a troll
  7961 | D:7      | Killed a two-headed ogre
  7961 | D:7      | Reached *** piety under Okawaru
  7962 | D:7      | Reached skill level 5 in Armour
  8251 | D:8      | Noticed Pikel
  8289 | D:9      | Found a staircase to the Lair.
  8290 | D:9      | Noticed an elephant
  8290 | D:9      | Noticed a death yak
  8296 | D:9      | Found a sacrificial altar of Ru.
  8311 | D:10     | Entered Level 10 of the Dungeon
  8332 | D:10     | Reached XP level 10. HP: 25/71 MP: 5/13
  8861 | D:9      | Reached skill level 5 in Shields
  8879 | D:9      | Noticed Maurice
  8896 | D:10     | Killed an elephant
  9167 | D:10     | Found a broken altar of Ashenzari.
  9307 | D:10     | Noticed a cyan ugly thing
  9325 | D:10     | Killed a cyan ugly thing
  9325 | D:10     | Reached **** piety under Okawaru
  9770 | D:10     | Killed Maurice
 10024 | D:9      | Killed a death yak
 10025 | D:9      | Reached XP level 11. HP: 51/76 MP: 10/14
 10242 | D:9      | Identified the +6 dagger of Demand {pain, *Corrode rElec
                  | rC+ Dex+4}
 10277 | D:9      | Reached skill level 10 in Maces & Flails
 10284 | D:9      | Noticed a two-headed ogre
 10292 | D:9      | Killed a two-headed ogre
 10295 | D:9      | Reached ***** piety under Okawaru
 10296 | D:9      | Reached skill level 5 in Invocations
 10629 | D:9      | Found a burning altar of Makhleb.
 10806 | D:8      | Found a basalt altar of Yredelemnul.
 10871 | D:8      | Noticed Psyche
 10890 | D:8      | Killed Psyche
 10993 | D:8      | Killed Pikel
 11317 | D:8      | Noticed a two-headed ogre
 11317 | D:8      | Noticed a two-headed ogre
 11336 | D:8      | Killed a two-headed ogre
 11340 | D:8      | Killed a two-headed ogre
 11515 | D:8      | Found the +12 pair of quick blades "Gyre" and "Gimble"
                  | {protect}
 11743 | D:11     | Identified the +0 plate armour of Patterns {rCorr Str+4
                  | Int-5}
 11837 | D:11     | Noticed a two-headed ogre
 11842 | D:11     | Killed a two-headed ogre
 11951 | D:11     | Noticed Sonja
 11964 | D:11     | Noticed Erolcha
 12019 | D:11     | Noticed a cyclops
 12028 | D:11     | Killed a cyclops
 12415 | Lair:1   | Entered Level 1 of the Lair of Beasts
 12487 | Lair:1   | Reached XP level 12. HP: 76/82 MP: 17/17
 12517 | Lair:1   | Received a gift from Okawaru
 12562 | Lair:1   | Found a dark tunnel.
 12574 | Volcano  | Entered a volcano
 15745 | Lair:2   | Found a staircase to the Snake Pit.
 16000 | Lair:2   | Noticed Fannar
 16012 | Lair:2   | Killed Fannar
 16013 | Lair:2   | Reached skill level 10 in Shields
 16231 | Lair:2   | Found a runed translucent gate.
 16233 | Lair:2   | Found a runed translucent gate.
 16233 | Lair:2   | Found a runed translucent gate.
 16233 | Lair:2   | Noticed Zoobame's ghost (journeyman DEHW)
 16234 | Lair:2   | Noticed KamiKatze's ghost (journeyman GrBe)
 16234 | Lair:2   | Noticed Aclie's ghost (journeyman DrTm)
 16235 | Lair:2   | Noticed Qugeat's ghost (journeyman DEEE)
 16238 | Lair:2   | Noticed burchardtist's ghost (journeyman TrFi)
 16794 | Lair:3   | Noticed Josephine
 17023 | Lair:3   | Killed Josephine
 17024 | Lair:3   | Reached XP level 13. HP: 85/90 MP: 17/19
 17308 | Lair:3   | Identified the +2 great mace of Mexepis {freeze, rN++
                  | Stlth-} (Okawaru gifted it to you on level 3 of the Lair of
                  | Beasts)
 17308 | Lair:3   | Received a gift from Okawaru
 18102 | Lair:3   | Found the +0 mask of the Dragon {Will+ Slay+3 SInv}
 18754 | Lair:4   | Found a viscous altar of Jiyva.
 18757 | Lair:4   | Found a staircase to the Slime Pits.
 18779 | Lair:4   | Identified a scroll of acquirement
 18785 | Lair:4   | Acquired a +0 eveningstar of protection
 19026 | Lair:4   | Identified the +2 pair of boots "Qydghaagh" {Int+5}
                  | (Okawaru gifted it to you on level 4 of the Lair of Beasts)
 19026 | Lair:4   | Received a gift from Okawaru
 19568 | Lair:5   | Entered Level 5 of the Lair of Beasts
 19745 | Lair:5   | Gained mutation: Your large and strong wings let you fly.
                  | [Gargoyle growth]
 19745 | Lair:5   | Reached XP level 14. HP: 92/96 MP: 20/20
 20121 | Lair:5   | Reached skill level 15 in Maces & Flails
 20630 | Lair:5   | Noticed a dire elephant
 20630 | Lair:5   | Noticed a dire elephant
 20630 | Lair:5   | Noticed a dire elephant
 20630 | Lair:5   | Noticed a dire elephant
 20634 | Lair:5   | Noticed a dire elephant
 20637 | Lair:5   | Killed a dire elephant
 20637 | Lair:5   | Received a gift from Okawaru
 21171 | Lair:5   | Killed a dire elephant
 21181 | Lair:5   | Killed a dire elephant
 21187 | Lair:5   | Killed a dire elephant
 21194 | Lair:5   | Killed a dire elephant
 21738 | Lair:5   | Identified the amulet "Bistrutu" {Fly rPois Regen+ Str-2
                  | Stlth+}
 22058 | Lair:3   | Found a staircase to the Shoals.
 22890 | D:11     | Found a staircase to the Orcish Mines.
 23363 | D:11     | Killed Erolcha
 23403 | D:11     | Killed Sonja
 23517 | D:12     | Identified the +7 morningstar "Voqischo" {spect, Fragile
                  | rF+ Int+5} (Okawaru gifted it to you on level 12 of the
                  | Dungeon)
 23517 | D:12     | Received a gift from Okawaru
 23541 | D:12     | Found a gate leading to a gauntlet.
 23541 | D:12     | Noticed Kirke
 23559 | D:12     | Killed Kirke
 23653 | Gauntlet | Entered a Gauntlet
 23653 | Gauntlet | Found a transporter.
 23653 | Gauntlet | Found a transporter.
 23653 | Gauntlet | Found a transporter.
 23655 | Gauntlet | Found a transporter.
 23668 | Gauntlet | Found a transporter.
 23674 | Gauntlet | Found a transporter.
 23675 | Gauntlet | Found a transporter.
 23689 | Gauntlet | Found a transporter.
 23712 | Gauntlet | Found a transporter.
 23739 | Gauntlet | Found a transporter.
 23786 | Gauntlet | Found a transporter.
 23798 | Gauntlet | Found a transporter.
 23906 | Gauntlet | Noticed a broodmother
 23906 | Gauntlet | an ettin changed into a broodmother
 23928 | Gauntlet | Killed a broodmother
 23929 | Gauntlet | Reached XP level 15. HP: 101/101 MP: 18/21
 24054 | Gauntlet | Identified the ring of Weps {EV+4 Int+4}
 24832 | D:13     | Reached skill level 15 in Fighting
 24842 | D:13     | Reached skill level 15 in Shields
 24856 | D:13     | Received a gift from Okawaru
 25505 | D:13     | Noticed Frances
 25509 | D:13     | Noticed Snorg
 25517 | D:13     | Killed Frances
 25522 | D:13     | Killed Snorg
 25805 | D:13     | Reached skill level 10 in Armour
 25805 | D:13     | Found Wyall's Distillery.
 26032 | D:13     | Received a gift from Okawaru
 26084 | D:13     | Noticed Urug
 26088 | D:13     | Killed Urug
 26113 | D:13     | Found a portal to a secret trove of treasure.
 26288 | D:13     | Found the necklace of Bloodlust {*Rage Will++ Int-3 Slay+6}
 26525 | Orc:1    | Entered Level 1 of the Orcish Mines
 26651 | Orc:1    | Found a runed translucent door.
 26959 | Orc:2    | Entered Level 2 of the Orcish Mines
 26959 | Orc:2    | Found a staircase to the Elven Halls.
 27471 | Orc:2    | Noticed Blork the orc
 27480 | Orc:2    | Killed Blork the orc
 27491 | Orc:2    | Noticed an orc warlord
 27513 | Orc:2    | Killed an orc warlord
 27545 | Orc:2    | Found Beapioj's Antique Weapon Emporium.
 27597 | Orc:2    | Found Leax's Antique Armour Emporium.
 27669 | Orc:2    | Found Pumink's Jewellery Emporium.
 27684 | Orc:2    | Found Xoxuedit's General Store.
 28212 | Orc:1    | Noticed an orc warlord
 28301 | Orc:2    | Reached XP level 16. HP: 75/110 MP: 22/22
 29011 | D:14     | Noticed Agnes
 29029 | D:13     | HP: 3/110 [Agnes/+2 lajatang of speed (16)]
 29033 | D:13     | Killed Agnes
 29033 | D:13     | Received a gift from Okawaru
 29759 | D:14     | Found a gate to the Vaults.
 30516 | D:15     | Entered Level 15 of the Dungeon
 30967 | D:15     | Found a staircase to the Depths.
 31793 | D:1      | Bought a pitted crystal plate armour for 2295 gold pieces
 31793 | D:1      | Identified the +5 crystal plate armour of Objectivity {rC++
                  | rCorr Int+2 Dex-4} (You bought it in a shop on level 1 of
                  | the Dungeon)
 32043 | Snake:1  | Entered Level 1 of the Snake Pit
 32060 | Snake:1  | You are sucked into a shaft and drop 1 floor!
 32263 | Snake:2  | Found Nethrati's Book Emporium.
 32272 | Snake:2  | Found Yloez's Antique Weapon Emporium.
 32595 | Snake:2  | Noticed Saint Roka
 32890 | Snake:1  | Identified the +3 demon whip "Kyrosseasi" {vorpal, Stlth+}
                  | (Okawaru gifted it to you on level 1 of the Snake Pit)
 32890 | Snake:1  | Received a gift from Okawaru
 32910 | Snake:1  | Noticed Aizul
 32919 | Snake:1  | Killed Aizul
 32969 | Snake:1  | Reached ****** piety under Okawaru
 33001 | Snake:1  | Noticed Asterion
 33003 | Snake:1  | Noticed an Executioner
 33021 | Snake:1  | Killed Asterion
 33282 | Snake:1  | Found Pimmoosi's Armour Emporium.
 33603 | Snake:2  | Killed Saint Roka
 33604 | Snake:2  | Reached XP level 17. HP: 38/115 MP: 21/23
 33965 | Snake:3  | Found Eluesaqy's Jewellery Boutique.
 33966 | Snake:3  | Found Amoseiq's Book Emporium.
 33966 | Snake:3  | Found Utusid's Book Emporium.
 34011 | Snake:3  | Noticed Vashnia
 34041 | Snake:3  | Identified the +3 cloak of Apinweyc {rC+ Dex+4} (Okawaru
                  | gifted it to you on level 3 of the Snake Pit)
 34041 | Snake:3  | Received a gift from Okawaru
 34500 | Snake:3  | Killed Vashnia
 35938 | Snake:4  | Entered Level 4 of the Snake Pit
 36311 | Snake:4  | Identified the +7 quarterstaff "Neery" {vorpal, Stlth+}
                  | (Okawaru gifted it to you on level 4 of the Snake Pit)
 36311 | Snake:4  | Received a gift from Okawaru
 36410 | Snake:4  | Reached skill level 15 in Armour
 37039 | Snake:4  | Noticed Bai Suzhen
 37054 | Snake:4  | Killed Bai Suzhen
 37055 | Snake:4  | Reached XP level 18. HP: 79/120 MP: 17/24
 37767 | Snake:4  | Identified the +1 pair of boots "Ullilair" {rF- Regen+
                  | rCorr SInv} (Okawaru gifted it to you on level 4 of the
                  | Snake Pit)
 37767 | Snake:4  | Received a gift from Okawaru
 38491 | Snake:4  | Got a serpentine rune of Zot
 38727 | Shoals:1 | Entered Level 1 of the Shoals
 39097 | Shoals:1 | Reached skill level 10 in Invocations
 39516 | Shoals:1 | Identified the +7 demon whip of Gel Boipp {flame, Fly}
                  | (Okawaru gifted it to you on level 1 of the Shoals)
 39516 | Shoals:1 | Received a gift from Okawaru
 40189 | Shoals:2 | Identified the +7 long sword "Axos Bollo" {vorpal, rElec
                  | rN+ Str-4 Int+3}
 40366 | Shoals:2 | Found Copy's Self-Improvement Boutique.
 40462 | Shoals:2 | Noticed Mlioglotl
 40470 | Shoals:2 | Killed Mlioglotl
 40944 | Shoals:2 | Reached XP level 19. HP: 125/125 MP: 28/28
 41586 | Shoals:3 | Received a gift from Okawaru
 41877 | Shoals:3 | Found an opulent altar of Gozag.
 42204 | Shoals:3 | Found Efyur's Visitors' Centre.
 42224 | Shoals:3 | Found Efyur's Merfolk Weapons.
 42226 | Shoals:3 | Found Efyur's Merfolk Magic.
 42226 | Shoals:3 | Found Efyur's Merfolk Armours.
 42706 | Shoals:4 | Entered Level 4 of the Shoals
 43303 | Shoals:4 | Received a gift from Okawaru
 43924 | Shoals:4 | Identified the amulet "Keets" {Faith Harm Stlth+}
 44307 | Shoals:4 | Got a barnacled rune of Zot
 45054 | Vaults:1 | Entered Level 1 of the Vaults
 45312 | Vaults:1 | Received a gift from Okawaru
 45323 | Vaults:1 | Identified the +0 helmet "Ferein" {+Blink Str+2}
 45442 | Vaults:1 | Reached skill level 15 in Invocations
 45534 | Vaults:1 | Reached XP level 20. HP: 131/131 MP: 31/31
 46138 | Vaults:1 | Reached skill level 1 in Spellcasting
 46188 | Vaults:1 | Identified the +1 flail of the Maze {flame, rPois Dex+2}
                  | (Okawaru gifted it to you on level 1 of the Vaults)
 46188 | Vaults:1 | Received a gift from Okawaru
 46919 | Vaults:1 | Reached skill level 5 in Spellcasting
 48060 | Vaults:2 | Noticed Frederick
 48066 | Vaults:2 | Killed Frederick
 48074 | Vaults:2 | Noticed Nikola
 48087 | Vaults:2 | Killed Nikola
 48087 | Vaults:2 | Identified the +0 cloak of the Everdark {Regen+ Int+4
                  | Dex-4} (Okawaru gifted it to you on level 2 of the Vaults)
 48087 | Vaults:2 | Received a gift from Okawaru
 48233 | Vaults:2 | Reached skill level 1 in Hexes
 48246 | Vaults:2 | Reached skill level 1 in Translocations
 49186 | Vaults:2 | Learned a level 1 spell: Slow
 49189 | Vaults:2 | Learned a level 2 spell: Blink
 49574 | Vaults:3 | Noticed Xtahua
 49583 | Vaults:3 | Killed Xtahua
 49714 | Vaults:3 | Received a gift from Okawaru
 49816 | Vaults:3 | Reached XP level 21. HP: 119/136 MP: 25/33
 50040 | Vaults:3 | Reached skill level 5 in Hexes
 50045 | Vaults:3 | Reached skill level 5 in Translocations
 50337 | Vaults:3 | Found a staircase to the Crypt.
 50619 | Vaults:3 | Received a gift from Okawaru
 51157 | Vaults:3 | Received a gift from Okawaru
 51540 | Vaults:4 | Found Jumettem's Book Emporium.
 51549 | Vaults:4 | Found Cyzip's Weapon Shop.
 52047 | Vaults:4 | Received a gift from Okawaru
 52641 | Vaults:4 | Identified the +6 hand axe "Vaikhlaep" {vamp, Str+7}
 53450 | Depths:1 | Entered Level 1 of the Depths
 53555 | Depths:1 | Reached XP level 22. HP: 121/144 MP: 34/34
 54242 | Depths:1 | Found a broken altar of Ashenzari.
 54247 | Depths:1 | Found a one-way gate leading to the halls of Pandemonium.
 54504 | Depths:1 | Found a gateway to Hell.
 54640 | Depths:1 | Found a snail-covered altar of Cheibriados.
 54875 | Depths:2 | Identified the +0 robe of the Trees {rN+ Slay+3 Stlth+}
 55288 | Depths:2 | Gained mutation: You have a pair of small antennae on your
                  | head. [mutagenic glow]
 55617 | Depths:2 | Identified the +1 robe "Kusar" {rElec rCorr Slay-3
                  | Archmagi}
 56305 | Depths:2 | You are sucked into a shaft and drop 1 floor!
 56388 | Depths:3 | Noticed a juggernaut
 56409 | Depths:2 | Received a gift from Okawaru
 56727 | Depths:3 | Killed a juggernaut
 57225 | Depths:3 | Received a gift from Okawaru
 57280 | Depths:3 | Found a one-way gate to the infinite horrors of the Abyss.
 57316 | Depths:3 | Reached XP level 23. HP: 88/155 MP: 32/35
 57334 | Depths:3 | Found a flickering gateway to a bazaar.
 57347 | Bazaar   | Entered a bazaar
 57662 | Bazaar   | Found Juostuh's Weapon Shoppe.
 57670 | Bazaar   | Found Ateratadaerr's Weapon Shop.
 57701 | Bazaar   | Found Jaeconim's Jewellery Emporium.
 57709 | Bazaar   | Found Rycank's Distillery.
 58217 | Depths:3 | Noticed an ancient lich
 58227 | Depths:3 | Killed an ancient lich
 58466 | Depths:3 | Found a stormy altar of Qazlal.
 58714 | Depths:3 | Noticed a golden dragon
 58745 | Depths:3 | Killed a golden dragon
 58745 | Depths:3 | Identified the +7 plate armour of Jaegus {Int+3} (Okawaru
                  | gifted it to you on level 3 of the Depths)
 58745 | Depths:3 | Received a gift from Okawaru
 59375 | Depths:4 | Entered Level 4 of the Depths
 59728 | Depths:3 | Learned a level 3 spell: Confusing Touch
 60299 | Depths:4 | Found a gate to the Realm of Zot.
 61238 | Depths:4 | Noticed a golden dragon
 61246 | Depths:4 | Killed a golden dragon
 61252 | Depths:4 | Identified the +1 fire dragon scales "Luety" {rF++ rC- rN+
                  | Will+ Dex-3 Slay+3}
 61507 | Depths:4 | Reached XP level 24. HP: 145/163 MP: 29/35
 61518 | Depths:4 | Reached skill level 10 in Hexes
 61682 | Depths:4 | Found a one-way gateway to a ziggurat.
 62870 | Depths:4 | Received a gift from Okawaru
 63264 | Vaults:5 | Entered Level 5 of the Vaults
 63479 | Vaults:5 | Noticed a dread lich
 63678 | Vaults:5 | Noticed Margery
 63686 | Vaults:5 | Identified the +1 robe of Weirdness {rN++ Int+4}
 63692 | Vaults:5 | Killed Margery
 63743 | Vaults:5 | HP: 4/163 [deep elf high priest/damnation (32)]
 63745 | Vaults:5 | Noticed an ancient lich
 63745 | Vaults:5 | Found the +8 orange crystal plate armour {Archmagi, Int+3
                  | Clar}
 63756 | Vaults:5 | Killed an ancient lich
 63841 | Vaults:5 | Noticed an ancient lich
 63857 | Vaults:5 | HP: 4/156 [shadow dragon/bolt of negative energy (27)]
 63858 | Vaults:5 | Killed from afar by a shadow dragon

Illustrated notes

Levels and vault maps discovered:
D:1:      lemuel_arrival_hallway, layout_loops_ring,
          shapermc_ecumenical_altar_hornbeckon, serial_shops, shop,
          skrybe_limestone_x, st_stairs_12
D:2:      layout_rooms, hangedman_decor_growths, chequers_serial_rivers_micro_b,
          minmay_small_reverse_x
D:3:      layout_loops_ring, kennysheep_generic_room_14
D:4:      layout_basic, minmay_temple_entry_statues_pillars,
          cheibrodos_sewer_entry_sluice, amethyst_killhole
D:5:      layout_basic, led_sif_book, uniq_sigmund
D:6:      layout_gridville, mainiacjoe_overflow_tiny_flanked, serial_shops,
          nicolae_stop_n_shop_2, uniq_eustachio, uniq_crazy_yiuf_cottage
D:7:      layout_basic
D:8:      layout_cave_pools, mainiacjoe_overflow_cross_hatched,
          hellmonk_guarded_unrand_gyre_and_gimble, uniq_pikel, uniq_psyche
D:9:      minmay_spotlight, layout_cross, lemuel_tele_altar,
          lemuel_crystal_altar, david_lair_generic, kennysheep_generic_room_15,
          uniq_maurice
D:10:     layout_loops_ring, lemuel_crystal_altar
D:11:     layout_long_grid, erik_orc_2, nicolae_hexahallways, uniq_erolcha,
          uniq_sonja
D:12:     layout_basic, gauntlet_entry_generic, uniq_kirke
D:13:     layout_basic, nicolae_trove_entry_path_of_doom, serial_shops,
          nicolae_shop_window_shopping, minmay_the_grid_2x2
          [minmay_the_grid_spin_star, minmay_the_grid_holed_spiral,
          minmay_the_grid_embedded, minmay_the_grid_prize_four_corners],
          uniq_frances, uniq_snorg, uniq_urug
D:14:     layout_loops_cross, hangedman_vaults_entry_quadrant_bands, uniq_agnes
D:15:     grunt_enter_depths_snipers, layout_basic,
          minmay_misc_feat_secret_circle, st_stairs_8, fungi_pond_lemuel,
          corner_web_ring, minmay_variable_closet, minmay_starry_boxes
Temple:   lightli_temple_of_artemis
Lair:1:   layout_long_grid, enter_volcano_1
Lair:2:   layout_cave_pods, dummy_snake_entry, gammafunk_ghost_cemetery,
          uniq_fannar
Lair:3:   layout_concentric_octagons, elwin_shoals_entry_rocks,
          grunt_megastairs_2, uniq_josephine
Lair:4:   beast_lair_carwin_large_3, layout_cave_shapes, slime_entry_1
Lair:5:   due_jungle_book, layout_gridlike, st_stairs_7
Shoals:1: layout_shoals, nicolae_shoals_wave_tunnel
Shoals:2: layout_shoals, nicolae_shop_self_help, uniq_mlioglotl
Shoals:3: nicolae_shoals_mermall, layout_shoals, lemuel_altar_in_water
Shoals:4: shoals_end_hellmonk_lost_city
Snake:1:  layout_concentric_octagons, serial_shops, shop, uniq_asterion,
          uniq_aizul
Snake:2:  layout_onion_interference, minmay_shop_star, nicolae_triple_integral,
          uniq_saint_roka
Snake:3:  layout_honeycomb, minmay_shop_grove, uniq_vashnia
Snake:4:  snake_pit_salamanders_mu, layout_cave_town, grunt_megastairs_3,
          serial_bayou_shore_a, uniq_bai_suzhen
Orc:1:    layout_caves, lightli_church_of_beogh
Orc:2:    grunt_orc_cross, layout_diamond_mine
Vaults:1: v_misc_28, nicolae_vaults_disjoint_gnomons, hangedman_vaults_slice,
          v_pattern_3, nicolae_vaults_circle_grid_a, dpeg_vaults_monster_box,
          layout_vaults_quadrants
Vaults:2: v_pattern_5, vaults_room_hallway, v_misc_29,
          nicolae_vaults_diagonal_hallway_6, serial_ice_m, vaults_dpeg_spiral,
          hangedman_vaults_restitches, vaults_standard_mumra_lines,
          v_alt_pattern_4, vaults_dpeg_encased_lava, v_misc_5,
          hangedman_vaults_trim, nicolae_vaults_angled_halls,
          layout_vaults_omnibox, uniq_frederick, uniq_nikola
Vaults:3: minmay_crypt_entry_simple_plaza, ontoclasm_vaults_claustrophobia,
          vaults_dpeg_hooks, v_misc_3, nicolae_vaults_branching_niches,
          vaults_standard_mumra_x, ontoclasm_vaults_misaligned,
          nicolae_vaults_what_the_h, v_misc_9,
          nicolae_vaults_diagonal_hallway_6, layout_vaults_ring, uniq_xtahua
Vaults:4: v_misc_1, vaults_mumra_lcd, v_misc_8, v_misc_26,
          nicolae_vaults_sealed_display, hangedman_vaults_nodes,
          hangedman_vaults_trim, hangedman_vaults_cutoff, v_misc_25,
          st_hourglassy, nicolae_vaults_bisected_inception,
          layout_vaults_omnicross, serial_shops,
          nicolae_shop_bloodbath_and_beyond, nicolae_shop_window_shopping
Vaults:5: serial_shops, uniq_margery, uniq_mennas
Depths:1: layout_cave_shapes, hell_entry, evilmike_ruin_ashenzari, pan_entry,
          serial_column_ruins, column_ruins_courtyard_long,
          column_ruins_open_tiny_water, column_ruins_open_tiny,
          column_ruins_corridor_corner, slow_altar_2
Depths:2: hangedman_crystal_crosses_colossus [crystal_crosses_arms_four,
          crystal_crosses_arms_two, crystal_crosses_arms_one,
          crystal_crosses_arms_one], pan_entry, hell_entry
Depths:3: nzn_winding_woodlands_stair_cross [nzn_winding_woodlands_5x15_pockets,
          nzn_winding_woodlands_center_pierced_h,
          nzn_winding_woodlands_5x15_lazy_stream,
          nzn_winding_woodlands_hourglass, nzn_winding_woodlands_5x5_three,
          nzn_winding_woodlands_5x15_cabin, nzn_winding_woodlands_center_lodge,
          nzn_winding_woodlands_5x15_eye], layout_cave_shapes, special_room
          [special_room_morgue], pf_vacation_house_of_asmodeus,
          abyss_entry_crystal, nicolae_qazlal_general_emergency, serial_shops,
          bzr_entry_gold, infiniplex_staircase_pool_2, uniq_josephina
Depths:4: lemuel_castle_with_subvaults [lemuel_castle_interior_original],
          layout_gridlike, enter_ziggurat_d, serial_bayou_lagoon_a,
          grunt_mini_vestibule

Skill      XL: |  1  2  3  4  5  6  7  8  9 10 11 12 13 14 15 16 17 18 19 20 21 22 23 24 |
---------------+-------------------------------------------------------------------------+-----
Maces & Flails | 3 4 5 6 7 9 11 12 14 16 17 18 19 | 19.3
Fighting       | 4 6 9 12 14 16 17 19 20 | 20.0
Invocations    | 2 4 7 8 12 15 16 | 16.0
Armour         | 5 6 7 12 16 18 20 22 | 22.0
Shields        | 7 8 10 13 14 15 17 18 20 22 | 22.0
Spellcasting   | 7 8 |  8.0
Hexes          | 4 7 8 9 10 | 10.0
Translocations | 4 7 8 |  8.0

Action                   |  1- 3 |  4- 6 |  7- 9 | 10-12 | 13-15 | 16-18 | 19-21 | 22-24 || total
-------------------------+-------+-------+-------+-------+-------+-------+-------+-------++-------
Melee: Flail             |   121 |    78 |   319 |   578 |   190 |       |       |       ||  1286
       Whip              |       |       |       |   113 |       |       |       |       ||   113
       Eveningstar       |       |       |       |       |   520 |       |       |       ||   520
       Morningstar       |       |       |       |       |   361 |   972 |  1387 |  1399 ||  4119
 Cast: Slow              |       |       |       |       |       |       |     4 |       ||     4
       Blink             |       |       |       |       |       |       |       |     2 ||     2
Invok: Heroism           |       |       |     8 |    22 |    23 |    19 |    23 |    29 ||   124
       Finesse           |       |       |       |     8 |     7 |     6 |    12 |    25 ||    58
Evoke: Wand              |       |     3 |     8 |    14 |       |       |     1 |     1 ||    27
  Use: Scroll            |       |     3 |     7 |    14 |    15 |     3 |     2 |    18 ||    62
       Potion            |       |       |     2 |     3 |     1 |     3 |       |     9 ||    18
 Stab: Invisible         |       |       |       |     2 |       |       |     3 |       ||     5
       Distracted        |       |       |       |       |     2 |    10 |    13 |    16 ||    41
Armor: Scale mail        |   106 |    51 |       |       |       |       |       |       ||   157
       Plate armour      |       |       |   320 |   320 |   494 |   103 |       |       ||  1237
       Crystal plate arm |       |       |       |       |       |   327 |   613 |   524 ||  1464
Dodge: Dodged            |   105 |    24 |   123 |   119 |   177 |   103 |   166 |   154 ||   971
Block: Buckler           |    42 |     9 |    86 |     7 |       |       |       |       ||   144
       Kite shield       |       |       |       |   334 |   550 |       |       |       ||   884
       Reflection        |       |       |       |     1 |    34 |   183 |   155 |    27 ||   400
       Tower shield      |       |       |       |       |   366 |  1191 |  1481 |  1233 ||  4271
